 Dungeon Crawl Stone Soup version 0.30-a0-883-g5ad918d77d (webtiles) character file.

Game seed: 5272000979152736884

372 LobsterGuardian the Grave Robber (level 6, -1/41 HPs)
             Began as a Vampire Necromancer on Mar 16, 2023.
             Slain by a gnoll
             ... wielding a +0 flail
             ... led by a gnoll bouda
              (10 damage)
             ... on level 3 of the Dungeon.
             The game lasted 00:13:27 (3729 turns).

LobsterGuardian the Grave Robber (VpNe)             Turns: 3729, Time: 00:13:28

Health: -1/41      AC:  2    Str:  7    XL:     6   Next: 43%
Magic:  3/12       EV: 12    Int: 19    God:
Gold:   160        SH:  0    Dex: 15    Spells: 5/13 levels left

rFire   . . .      SeeInvis +    c - +0 dagger
rCold   . . .      Faith    .    (no shield)
rNeg    . . .      Spirit   .    a - +0 robe
rPois   +          Reflect  .    (no helmet)
rElec   .          Rampage  .    (no cloak)
rCorr   .                        (no gloves)
Will    .....                    (no boots)
Stlth   +++                      (no amulet)
HPRegen 0.46/turn                e - ring of poison resistance
MPRegen 0.13/turn                (no ring)

@: about to teleport, animating dead, healing quickly
A: alive, fangs 3, see invisible, vampiric 2
a: Exsanguinate


You were on level 3 of the Dungeon.
You visited 1 branch of the dungeon, and saw 5 of its levels.

You collected 160 gold pieces.

Inventory:

Hand Weapons
 c - a +0 dagger (weapon)
Armour
 a - a +0 robe (worn)
Jewellery
 e - a ring of poison resistance (left hand)
 m - a ring of fire
Wands
 i - a wand of roots (9)
Scrolls
 b - 2 scrolls of blinking {unknown}
 d - a scroll of fog
 f - a scroll of amnesia {unknown}
 j - a scroll of identify
 n - a scroll of brand weapon {unknown}
Potions
 g - a potion of degeneration {unknown}
 h - a potion of haste {unknown}
 k - a potion of brilliance {unknown}


   Skills:
 + Level 0.2 Fighting
 + Level 2.4 Dodging
 + Level 3.9 Stealth
 + Level 4.2 Spellcasting
 * Level 6.8 Necromancy


You had 5 spell levels left.
You knew the following spells:

 Your Spells              Type           Power      Damage    Failure   Level
a - Necrotise             Necr           100%       1d9       1%          1
b - Vampiric Draining     Necr           30%        2d8       2%          3
c - Animate Dead          Necr           30%        N/A       9%          4

Your spell library contained the following spells:

 Spells                   Type           Power      Damage    Failure   Level
 Slow                     Hex            16%        N/A       14%         1
 Agony                    Necr           30%        N/A       22%         5
 Confusing Touch          Hex            4%         N/A       38%         3


Dungeon Overview and Level Annotations

Branches:
Dungeon (5/15)
 Temple: D:4-7

Altars:
Dithmenos
Kikubaaqudgha

Shops:
D:1 [   D:5 *

Annotations:
D:1 1 runed translucent door


Innate Abilities, Weirdness & Mutations

Your natural rate of healing is accelerated.
You have razor-sharp teeth.
You have supernaturally acute eyesight. (SInv)
You are afflicted with vampirism and can become a bat while bloodless.


Message History

The gnoll bouda hits you with a +0 whip!
Casting: Necrotise (safe; 1% risk of failure)
Confirm with . or Enter, or press ? or * to list all spells.
Aiming: Necrotise (safe; 1% risk of failure)
Press: ? - help, Shift-Dir - straight line, f/p - gnoll bouda
Aim: a gnoll bouda, wielding a +0 whip and wearing a +0 robe (severely wounded, chance to affect: 83%)
The gnoll bouda writhes in agony.
Unknown command.
Casting: Necrotise (safe; 1% risk of failure)
Confirm with . or Enter, or press ? or * to list all spells.
Aiming: Necrotise (safe; 1% risk of failure)
Press: ? - help, Shift-Dir - straight line, f/p - gnoll bouda
Aim: a gnoll bouda, wielding a +0 whip and wearing a +0 robe (almost dead, chance to affect: 83%)
The gnoll bouda writhes in agony.
You kill the gnoll bouda!
The dead are walking!
A gnoll comes into view. It is wielding a +0 flail.
The gnoll attacks as you move away! The gnoll hits you with a +0 whip.
The gnoll barely misses you.
Casting: Necrotise (safe; 1% risk of failure)
Confirm with . or Enter, or press ? or * to list all spells.
Aiming: Necrotise (safe; 1% risk of failure)
Press: ? - help, Shift-Dir - straight line, f - gnoll
Aim: a gnoll, wielding a +0 whip (lightly wounded, covering ground quickly, chance to affect: 88%)
The gnoll barely resists.
The gnoll closely misses you. The gnoll hits you with a +0 whip.
Your gnoll bouda zombie closely misses the gnoll.
The gnoll barely misses you.
As you read the scroll of teleportation, it crumbles to dust.
You feel strangely unstable. The gnoll hits you with a +0 whip!
The gnoll closely misses you.
A gnoll comes into view. It is wielding a +0 spear.
Your gnoll bouda zombie barely misses the gnoll.
The gnoll closely misses you.
Unknown command.
Okay, then.
The gnoll attacks as you move away! The gnoll hits you with a +0 whip!
* * * LOW HITPOINT WARNING * * *
The gnoll attacks as you move away! The gnoll hits you with a +0 flail!
You die...

....##...#.# # ..#
#......# # #
##....###..## # #.
.....# #...######
.###....###..>##....
...#........)##.###
#Z##..##....)...# #
###g##..#####..####
# #..g@....####..# #
#g#g...........## #
# ##.#######.#..# #
#.# #.##.# # #.#
#.##.# #.# #....#
#.# #.#..# #.#
#.#..#
#.#######.#..#


You could see 4 gnolls and a friendly gnoll bouda zombie.

Vanquished Creatures
  A scorpion (D:5)
  A hound (D:4)
  A gnoll bouda (D:3)
  An orc priest (D:5)
  A jelly (D:4)
  An orc wizard (D:5)
  4 gnolls
  4 adders
  6 orcs
  6 ball pythons
  4 endoplasms
  2 giant cockroaches
  8 goblins
  9 hobgoblins
  15 jackals
  A kobold (D:1)
  5 quokkas
  A bat (D:1)
  3 frilled lizards
  6 rats
80 creatures vanquished.

Vanquished Creatures (collateral kills)
  A ball python (D:2)
  A goblin (D:1)
  2 bats (D:1)
  A frilled lizard (D:1)
5 creatures vanquished.

Grand Total: 85 creatures vanquished

Notes
Turn   | Place    | Note
-------+----------+-------------------------------------------
     0 | D:1      | LobsterGuardian the Vampire Necromancer began the quest for
                  | the Orb.
     0 | D:1      | Reached XP level 1. HP: 13/13 MP: 3/3
    14 | D:1      | Found a runed translucent door.
   158 | D:1      | Found Weny Hol's Antique Armour Boutique.
   270 | D:1      | Reached XP level 2. HP: 17/17 MP: 3/5
   509 | D:1      | Reached skill level 5 in Necromancy
   657 | D:1      | Found a faded altar of an unknown god.
  1411 | D:2      | Gained mutation: You are afflicted with vampirism and can
                  | become a bat while bloodless. [Vampire growth]
  1411 | D:2      | Reached XP level 3. HP: 21/21 MP: 1/6
  1686 | D:2      | HP: 1/21 [gnoll/+0 whip (6)]
  1690 | D:2      | Reached XP level 4. HP: 3/27 MP: 2/8
  1868 | D:2      | Learned a level 3 spell: Vampiric Draining
  2821 | D:3      | You fall into a shaft and drop 2 floors!
  2821 | D:5      | Entered Level 5 of the Dungeon
  2837 | D:5      | Reached XP level 5. HP: 35/35 MP: 1/10
  2864 | D:5      | Reached skill level 6 in Necromancy
  2922 | D:5      | Found Safrupn's Neck Hole.
  2928 | D:5      | Noticed an ice beast
  3175 | D:4      | Learned a level 4 spell: Animate Dead
  3200 | D:4      | Found a shadowy altar of Dithmenos.
  3293 | D:4      | Reached XP level 6. HP: 21/41 MP: 6/12
  3477 | D:4      | Found an ancient bone altar of Kikubaaqudgha.
  3729 | D:3      | Slain by a gnoll

Illustrated notes

Levels and vault maps discovered:
D:1:      dpeg_arrival_caged_fury, layout_loops_ring, serial_shops, shop,
          serial_aquarium, aquarium_bridge_island_large
          [aquarium_subvault_large_water, aquarium_subvault_bridge,
          aquarium_subvault_wall, aquarium_subvault_wall,
          aquarium_subvault_bridge], aquarium_window_fake, aquarium_window_2,
          aquarium_view_2e, aquarium_view_2a,
          shapermc_ecumenical_altar_flowoftime
D:2:      layout_loops_cross, minmay_goblin_outpost
D:3:      layout_loops_ring
D:4:      layout_loops_cross, kennysheep_little_box,
          nicolae_dithmenos_through_a_glass_darkly
D:5:      layout_cave_pools, minmay_temple_entry_water_ring,
          nicolae_shop_sticking_my_neck_out

Skill      XL: |  1  2  3  4  5 |
---------------+----------------+-----
Necromancy     | 5 6 |  6.8
Spellcasting   | 3 4 |  4.2
Fighting       | |  0.2
Dodging        | |  2.4
Stealth        | |  3.9

Action                     |  1- 3 |  4- 6 || total
---------------------------+-------+-------++-------
  Melee: Unarmed           |    19 |       ||    19
         Bite              |     1 |     9 ||    10
         Dagger            |     1 |    32 ||    33
   Cast: Necrotise         |    52 |    89 ||   141
         Vampiric Draining |       |     5 ||     5
         Animate Dead      |       |     1 ||     1
Ability: Exsanguinate      |     1 |       ||     1
         Revivify          |     1 |       ||     1
    Use: Scroll            |     3 |     3 ||     6
         Potion            |     2 |     1 ||     3
   Stab: Sleeping          |     1 |       ||     1
         Distracted        |       |     1 ||     1
 Armour: Robe              |     6 |     6 ||    12
  Dodge: Dodged            |    27 |    42 ||    69

Table legend: (Time is in decaauts)
 A = Elapsed time spent in this place.
 B = Non-inter-level travel time spent in this place.
 C = Inter-level travel time spent in this place.
 D = Time resting spent in this place.
 E = Time spent auto-exploring this place.
 F = Levels seen in this place.
 G = Mean time per level.
                   A        B        C        D        E       F      G
               +--------+--------+--------+--------+--------+-----+--------+
         Total |   3727 |   3608 |    119 |      8 |   3038 |   5 |  745.4 |
       Dungeon |   3727 |   3608 |    119 |      8 |   3038 |   5 |  745.4 |
               +--------+--------+--------+--------+--------+-----+--------+

Top non-repeatable levels by time:
     D:1: 1293 daAuts
     D:2: 1036 daAuts
     D:4: 689 daAuts
     D:3: 578 daAuts
     D:5: 129 daAuts
